 Dungeon Crawl Stone Soup version 0.17.0-56-gd8de76c (webtiles) character file.

128 coffecat the Ducker (level 4, -8/19 HPs)
             Began as a Felid Transmuter on Dec 4, 2015.
             Was an Initiate of Elyvilon.
             Killed by divine providence
             ... invoked by an orc priest
              (14 damage)
             ... on level 5 of the Dungeon.
             The game lasted 00:14:21 (2202 turns).

coffecat the Ducker (Felid Transmuter)              Turns: 2202, Time: 00:14:21

Health: -8/19      AC:  1    Str:  7    XL:     4   Next: 86%
Magic:  8/9        EV: 15    Int: 14    God:    Elyvilon [......]
Gold:   102        SH:  0    Dex: 16    Spells: 3 memorised, 2 levels left
                                        Lives:  0   Deaths: 1

rFire  . . .     SeeInvis +       - Unarmed
rCold  . . .     Clarity  .     (armour unavailable)
rNeg   . . .     SustAt   .     (shield unavailable)
rPois  .         Gourm    .     (helmet unavailable)
rElec  .         Spirit   .     (cloak unavailable)
rCorr  .         Warding  .     (gloves unavailable)
rMut   .         Stasis   .     (boots unavailable)
MR     .....                    (no amulet)
Stlth  +++.......               (no ring)
                                (no ring)

@: appendage, quick, not resistant to hostile enchantments, fairly stealthy
A: no armour, no weapons or thrown items, claws 1, fangs 3, horns 2, see
invisible, carnivore 3, speed 1, shaggy fur 1, slow metabolism 1, sharp paws
a: End Transformation, Renounce Religion


You were on level 5 of the Dungeon.
You worshipped Elyvilon.
Elyvilon was noncommittal.
You were not hungry.
You had grown temporary horns.
You visited 1 branch of the dungeon, and saw 5 of its levels.

You collected 102 gold pieces.

Inventory:

Missiles
 a - 12 arrows
Wands
 e - a wand of enslavement (12)
Scrolls
 f - a scroll of enchant weapon {unknown}
 g - a scroll of enchant armour {unknown}
 h - a scroll of teleportation
 k - a scroll of magic mapping
 l - a scroll of recharging {unknown}
 m - a scroll of remove curse
Potions
 d - 4 potions of curing
 i - a potion of agility {unknown}
 j - 2 potions of heal wounds
 o - a potion of poison
Books
 b - a book of Changes

   Spells                             Type                      Level
   a - Beastly Appendage              Transmutation                1
   b - Sticks to Snakes               Transmutation                2
   c - Spider Form                    Transmutation/Poison         3
   d - Ice Form                       Ice/Transmutation            4
   e - Blade Hands                    Transmutation                5
Comestibles
 c - 2 meat rations
 n - a beef jerky


   Skills:
 + Level 1.6 Fighting
 + Level 5.0 Dodging
 * Level 2.3 Stealth
 + Level 3.8 Unarmed Combat
 + Level 2.6 Spellcasting
 + Level 2.5 Transmutations
 + Level 0.1 Poison Magic


You had 2 spell levels left.
You knew the following spells:

 Your Spells              Type           Power        Failure   Level  Hunger
a - Beastly Appendage     Trmt           #.....       10%         1    #......
b - Spider Form           Trmt/Pois      #.........   38%         3    ###....
c - Sticks to Snakes      Trmt           #.........   14%         2    ###....


Dungeon Overview and Level Annotations

Branches:
Dungeon (5/15)             Temple (0/1) D:5

Altars:
Ashenzari
Dithmenos
Elyvilon
Yredelemnul

Annotations:
D:3 Ijyb


Innate Abilities, Weirdness & Mutations

You cannot wear armour.
You are incapable of wielding weapons or throwing items.
You have sharp claws.
You have razor-sharp teeth.
You have supernaturally acute eyesight.
You are carnivorous and can eat meat at any time.
You cover ground quickly.
You are covered in fur (AC +1).
You have a slow metabolism.
Your sharp claws are effective at attacking unaware monsters.
You have a pair of horns on your head.


Message History

The orc priest is severely wounded.
You scratch the orc priest. You bite the orc priest.
The orc priest is almost dead.
The orc priest hits you with a mace.
You closely miss the orc priest.
You bite the orc priest, but do no damage.
The orc priest is almost dead.
The orc priest miscasts a cantrip.
A worm comes into view.
You closely miss the orc priest. You headbutt the orc priest.
You kill the orc priest!
Your Dodging skill increases to level 5!
An orc priest comes into view.
The orc priest shouts!
The orc priest miscasts a cantrip.
There is a stone staircase leading up here.
The orc priest mumbles some strange prayers to Beogh against you.
Something smites you!
Ouch! That really hurt!
You die...

........+
#.....# #.....#
#.....##
.###+###......#
..............#
..w.P..).o....#
+#.....#.....##
#..>..#....@#
....P........#
......o......#
.............#
..###.##.#####
#. #.# . ..+ ..
...#


You could see an orc priest and an orc.

Vanquished Creatures
  An orc priest (D:5)
  A worker ant (D:4)
  Natasha (twice) (D:2)
  2 adders
  4 gnolls (D:2)
  An ooze (D:3)
  2 orcs (D:3)
  4 goblins
  2 hobgoblins
  6 kobolds
  A ball python (D:1)
  2 bats
  2 giant cockroaches
  2 giant geckos (D:2)
  2 giant newts
  2 jackals (D:2)
  2 rats (D:2)
  A spectral orc (D:4)
39 creatures vanquished.

Notes
Turn   | Place    | Note
--------------------------------------------------------------
     0 | D:1      | coffecat the Felid Transmuter began the quest for the Orb.
     0 | D:1      | Reached XP level 1. HP: 9/9 MP: 4/4
   447 | D:1      | Reached XP level 2. HP: 12/12 MP: 6/6
   801 | D:2      | Reached XP level 3. HP: 6/15 MP: 4/7
  1039 | D:2      | Found a shattered altar of Ashenzari.
  1153 | D:2      | Learned a level 3 spell: Spider Form
  1281 | D:2      | Noticed Natasha
  1292 | D:2      | Reached skill level 4 in Dodging
  1301 | D:2      | Reached skill level 1 in Stealth
  1301 | D:2      | Reached XP level 4. HP: 19/19 MP: 2/8
  1352 | D:2      | Killed Natasha
  1374 | D:2      | Noticed Natasha
  1396 | D:2      | Killed Natasha
  1637 | D:2      | Found a white marble altar of Elyvilon.
  1643 | D:2      | Became a worshipper of Elyvilon the Healer
  1757 | D:3      | Noticed Ijyb
  1771 | D:3      | Elyvilon protects you from harm!
  1775 | D:3      | Elyvilon protects you from harm!
  1780 | D:3      | Killed from afar by Ijyb
  1781 | D:3      | Reached XP level 3. HP: -8/15 MP: 7/7
  1781 | D:3      | Found a shadowy altar of Dithmenos.
  1805 | D:4      | Reached XP level 4. HP: 16/19 MP: 4/8
  1980 | D:4      | Found a basalt altar of Yredelemnul.
  2112 | D:4      | Noticed a phantom
  2120 | D:4      | Learned a level 2 spell: Sticks to Snakes
  2168 | D:5      | Entered Level 5 of the Dungeon
  2173 | D:5      | Found a staircase to the Ecumenical Temple.
  2196 | D:5      | Reached skill level 5 in Dodging
  2202 | D:5      | Killed from afar by an orc priest

Action                   |  1- 3 |  4- 6 || total
-------------------------+-------+-------++-------
Melee: Unarmed           |    83 |    39 ||   122
 Cast: Beastly Appendage |     3 |     6 ||     9
       Spider Form       |     3 |     1 ||     4
  Use: Scroll            |       |     8 ||     8
 Stab: Sleeping          |     2 |       ||     2
  Eat: Chunk             |     8 |     3 ||    11
